 Dungeon Crawl Stone Soup version 0.31-a0-771-g505c3d19dc (webtiles) character file.

Game seed: 10413470948852742757

87655 Pooter the Severer (level 15, -7/136 HPs)
             Began as a Minotaur Fighter on Sept 15, 2023.
             Was a Believer of Uskayaw.
             Mangled by a caustic shrike simulacrum (16 damage)
             ... in an ice cave on Sept 16, 2023.
             The game lasted 02:08:32 (23146 turns).

Pooter the Severer (Minotaur Fighter)              Turns: 23146, Time: 02:08:32

Health: -7/136     AC: 15    Str: 26    XL:     15   Next: 44%
Magic:  15/23      EV: 11    Int:  5    God:    Uskayaw [**....]
Gold:   1454       SH:  0    Dex: 12    Spells: 6/14 levels left

rFire   + . .        a - +8 battleaxe (vamp)
rCold   + . .        (shield currently unavailable)
rNeg    . . .        B - +3 plate armour {Will+}
rPois   .            (helmet restricted)
rElec   .            m - scarf {rC+ rF+}
rCorr   .            Q - +1 pair of gloves {Stlth+}
SInv    .            Y - +2 pair of slick slippers {slick, slippery, EV+4}
Will    ++...        f - amulet of regeneration Stlth
                     e - +4 ring of slaying
HPRegen 1.22/turn    z - +4 ring of slaying
MPRegen 0.18/turn

%: no passive effects
@: no status effects
A: horns 2, retaliatory headbutt, deformed body, mutation resistance 1, shaggy
fur 1
a: Renounce Religion, Stomp, Line Pass


You were in an ice cave.
You worshipped Uskayaw.
Uskayaw was pleased with you.
You visited 3 branches of the dungeon, and saw 21 of its levels.
You also visited: Bailey, Gauntlet and Ice Cave.

You collected 3211 gold pieces.
You spent 1757 gold pieces at shops.

Inventory:

Hand Weapons
 a - a +8 vampiric battleaxe (weapon)
   (You took it off an orc warlord in a bailey)
 b - a +1 arbalest of flaming
   (You took it off an orc warrior on level 2 of the Orcish Mines)
 L - the +5 Force Lance {heavy, knockback}
   (You found it on level 6 of the Dungeon)
 M - the +1 broad axe of Watchfulness {heavy, +Blink rPois Int+6}
   (You acquired it in a bailey)

   Int+6:     It affects your intelligence (+6).
   rPois:     It protects you from poison +Blink: It lets you blink.
 P - a +1 war axe of flaming
Missiles
 g - 36 poisoned darts
 l - 6 throwing nets {!f}
 s - 12 javelins
 A - 5 silver javelins
 G - 10 atropa-tipped darts
 K - 52 boomerangs (quivered)
 S - 4 curare-tipped darts
Armour
 h - a +0 plate armour of poison resistance
   (You took it off an orc warrior on level 2 of the Orcish Mines)
 m - a scarf of resistance (worn)
   (You found it on level 1 of the Lair of Beasts)
 B - a +3 plate armour of willpower (worn)
   (You took it off an orc warlord on level 1 of the Orcish Mines)
 Q - a +1 pair of gloves of stealth (worn)
   (You found it on level 11 of the Dungeon)
 Y - the +2 pair of slick slippers (worn) {slick, slippery, EV+4}
   (You acquired it on level 8 of the Dungeon)

   Slick:     Its wearer cannot be constricted, engulfed, netted or webbed.
   Slippery:  Its wearer slips away from damaging melee attacks, pulling the
   attacker onward.
   EV+4:      It affects your evasion (+4).
Jewellery
 e - a +4 ring of slaying (left hand)
   (You found it on level 1 of the Dungeon)
 f - an amulet of regeneration (around neck)
   (You found it on level 4 of the Lair of Beasts)
 y - the ring "Jyfaahol" {rPois rN+}
   (You found it on level 10 of the Dungeon)

   [ring of positive energy]

   rPois:     It protects you from poison rN+: It protects you from negative
   energy.
 z - a +4 ring of slaying (right hand)
   (You found it on level 8 of the Dungeon)
 I - the ring "Bauzicots" {rElec rPois rC+}
   (You acquired it on level 5 of the Lair of Beasts)

   [ring of poison resistance]

   rC+:       It protects you from cold.
   rElec:     It insulates you from electricity.
   rPois:     It protects you from poison
 J - a ring of fire
   (You found it on level 5 of the Lair of Beasts)
 R - an amulet of faith {!P}
   (You found it on level 7 of the Dungeon)
Wands
 d - a wand of iceblast (26)
   (You found it on level 6 of the Dungeon)
 u - a wand of paralysis (8)
   (You bought it in a shop on level 2 of the Orcish Mines)
 D - a wand of digging (5)
   (You found it on level 6 of the Dungeon)
 E - a wand of mindburst (3)
   (You found it on level 14 of the Dungeon)
 U - a wand of polymorph (17)
   (You bought it in a shop on level 5 of the Dungeon)
Scrolls
 c - 4 scrolls of fog
 i - a scroll of silence
 k - a scroll of revelation
 n - 3 scrolls of immolation {!r}
 t - 10 scrolls of teleportation {@r4}
 w - 6 scrolls of blinking
 V - 4 scrolls of poison {!r}
 W - 3 scrolls of butterflies
 X - 7 scrolls of noise {!r}
Potions
 j - 2 potions of brilliance
 o - 4 potions of cancellation
 p - 13 potions of curing {@q1}
 q - 5 potions of berserk rage
 r - 9 potions of invisibility
 v - a potion of enlightenment
 x - 3 potions of attraction {!q}
 C - 10 potions of heal wounds {@q2}
 F - 10 potions of haste {@q3}
 H - 2 potions of might
 T - 4 potions of magic
 Z - 2 potions of resistance
Miscellaneous
 N - a tin of tremorstones (2/2)
   (You found it in a bailey)
 O - a box of beasts
   (You found it in a bailey)


   Skills:
 + Level 13.6 Fighting
 * Level 17.7(18.3) Axes
 - Level 7.8(13.8) Polearms
 + Level 11.4 Ranged Weapons
 + Level 3.5 Throwing
 + Level 5.7 Armour
 - Level 3.6 Shields
 + Level 5.9 Translocations
 + Level 12.2 Invocations
 - Level 7.6 Evocations


You had 6 spell levels left.
You knew the following spells:

 Your Spells              Type           Power      Damage    Failure   Level
a - Manifold Assault      Tloc           5%         N/A       99%         4
b - Blink                 Tloc           10%        N/A       65%         2
c - Lesser Beckoning      Tloc           10%        N/A       65%         2

Your spell library contained the following spells:

 Spells                   Type           Power      Damage    Failure   Level
 Teleport Other           Tloc           5%         N/A       87%         3
 Freeze                   Ice            0%         1d3       100%        1
 Sandblast                Erth           0%         2d4       100%        1
 Cigotuvi's Dreadful Rot  Necr/Pois/Air  0%         N/A       100%        2
 Ensorcelled Hibernation  Hex/Ice        0%         N/A       100%        2
 Jinxbite                 Hex            0%         N/A       100%        2
 Passwall                 Tmut/Erth      0%         N/A       100%        2
 Dazzling Flash           Conj/Hex       0%         N/A       100%        3
 Frozen Ramparts          Ice            0%         1d1       100%        3
 Hailstorm                Conj/Ice       0%         3d3       100%        3
 Stone Arrow              Conj/Erth      0%         3d7       100%        3
 Summon Guardian Golem    Hex/Summ       0%         N/A       100%        3
 Anguish                  Hex/Necr       0%         N/A       100%        4
 Animate Armour           Summ/Erth      0%         N/A       100%        4
 Animate Dead             Necr           0%         N/A       100%        4
 Dispel Undead            Necr           0%         3d6       100%        4
 Vhi's Electric Charge    Tloc/Air       4%         N/A       100%        4
 Agony                    Necr           0%         N/A       100%        5
 Arcjolt                  Conj/Air       0%         1d10      100%        5
 Borgnjor's Vile Clutch   Necr/Erth      0%         N/A       100%        5
 Silence                  Hex/Air        0%         N/A       100%        5
 Death Channel            Necr           0%         N/A       100%        6
 Plasma Beam              Fire/Air       0%         2x1d10    100%        6
 Orb of Destruction       Conj           0%         9d5       100%        7
 Spellforged Servitor     Conj/Summ      0%         N/A       100%        7
 Lehudib's Crystal Spear  Conj/Erth      0%         10d2      100%        8


Dungeon Overview and Level Annotations

Branches:
Dungeon (14/15) Zot: 26739  Temple (0/1) D:4            Lair (5/5) D:10 Zot: 23176
 Shoals (0/4) Lair:2       Spider (0/4) Lair:3        Slime (0/5) Lair:4
    Orc (2/2) D:9 Zot: 10200     Elf (0/3) Orc:2        Vaults (0/5) D:13
 Bailey (visited)           IceCv (1/1) Zot: 5995   Gauntlet (visited)

Altars:
Cheibriados
Dithmenos
Elyvilon
Fedhas
Gozag
Nemelex Xobeh
Qazlal
Ru
Trog
Uskayaw
Xom
Yredelemnul
The Shining One
Jiyva

Shops:
D:2 !   D:5 !?*   D:8 (   Orc:2 **?:

Portals:
Trove: D:10 (give +2 storm dragon scales)

Annotations:
D:4 2 runed translucent doors, Crazy Yiuf
Lair:2 3 runed translucent doors, Pattuawu's ghost, journeyman OpSh IceCv 1 transporter


Innate Abilities, Weirdness & Mutations

You have a pair of horns on your head.
You reflexively headbutt those who attack you in melee.
Armour fits poorly on your strangely shaped body.
You are somewhat resistant to further mutation.
You are covered in fur. (AC +1)


Message History

Your headbutt misses the anaconda simulacrum.
The anaconda simulacrum bites you! The anaconda simulacrum freezes you!
You resist.
You slip backwards!
The harpy simulacrum claws you but does no damage.
The harpy simulacrum barely misses you.
You slash the harpy simulacrum! You headbutt the harpy simulacrum.
You slash the anaconda simulacrum!
The white very ugly thing gurgles horribly!
The anaconda simulacrum bites you but does no damage.
The harpy simulacrum claws you but does no damage. x2
The anaconda simulacrum bites you. The anaconda simulacrum freezes you!
You resist.
You slash the harpy simulacrum! You slice the anaconda simulacrum!!
You slash the caustic shrike simulacrum!
You miss the caustic shrike simulacrum.
You slice one of the seven-headed hydra simulacrum's heads off!
You slash the six-headed hydra simulacrum!
You hit the anaconda simulacrum.
The caustic shrike simulacrum claws you!
The caustic shrike simulacrum freezes you!!
You resist.
* * * LOW HITPOINT WARNING * * *
The caustic shrike simulacrum claws you but does no damage.
The anaconda simulacrum bites you.
* * * LOW HITPOINT WARNING * * *
The anaconda simulacrum freezes you! You resist.
* * * LOW HITPOINT WARNING * * *
The caustic shrike simulacrum claws you!!
* * * LOW HITPOINT WARNING * * *
The caustic shrike simulacrum freezes you!
You resist.
* * * LOW HITPOINT WARNING * * *
You can now pass through a line of other dancers.
Unknown command.
You slice the caustic shrike simulacrum!!
You headbutt the caustic shrike simulacrum!!
You hit the caustic shrike simulacrum.
You slice one of the six-headed hydra simulacrum's heads off!
You slice the five-headed hydra simulacrum!!
You barely miss the anaconda simulacrum.
The caustic shrike simulacrum claws you but does no damage.
The anaconda simulacrum bites you.
* * * LOW HITPOINT WARNING * * *
The anaconda simulacrum freezes you! You resist.
* * * LOW HITPOINT WARNING * * *
The caustic shrike simulacrum claws you.
* * * LOW HITPOINT WARNING * * *
The caustic shrike simulacrum freezes you!
You resist.
You die...

##### ####...###
##........##
##..........# 8.
##...........#8.W
#.......8Z☼).#...
#......Z○@).8#...
#∩∩.....○ZZ©©#u..
#.........).8#..W
#......Z8..$.#...
##...........#8..
##..........# 8.
##........## 8
####...### #####


You could see a white very ugly thing, 2 freezing wraiths, an anaconda
simulacrum, a seven-headed hydra simulacrum, a dire elephant simulacrum and 2
caustic shrike simulacra.

Vanquished Creatures
  Rupert (Orc:2)
  2 orc warlords
  A very ugly thing (IceCv)
  A dire elephant (Lair:5)
  A minotaur (Gauntlet)
  A fire dragon (D:13)
  6 hydras
  A vault guard (D:13)
  4 centaur warriors (D:13)
  3 two-headed ogres
  5 boulder beetles
  5 orc high priests (Orc:2)
  A tengu warrior (Gauntlet)
  2 death scarabs (Gauntlet)
  A soul eater (Gauntlet)
  A spectral catoblepas (Gauntlet)
  5 skysharks
  A pharaoh ant (Lair:3)
  2 lindwurms (Lair:4)
  A harpy (shapeshifter) (D:13)
  6 orc knights
  20 ugly things
  3 deep elf pyromancers
  4 cyclopes
  An orc sorcerer (Orc:2)
  A manticore (D:13)
  3 black mambas
  10 elephants (Lair:2)
  9 cane toads
  A molten gargoyle (D:13)
  4 torpor snails (Lair:3)
  5 kobold demonologists
  6 komodo dragons
  An unseen horror (D:13)
  A rime drake (Lair:5)
  A freezing wraith (D:8)
  A tengu conjurer (Gauntlet)
  An anaconda simulacrum (IceCv)
  6 trolls
  9 polar bears (Lair:5)
  A wolf spider simulacrum (Gauntlet)
  3 meliai (D:14)
  A hornet (D:9)
  Grinder (D:5)
  A raiju (Lair:5)
  13 blink frogs
  Sigmund (D:2)
  5 flying skulls (Gauntlet)
  3 shadows
  4 wyverns
  A jumping spider (Lair:3)
  A water elemental (D:13)
  A wraith (D:13)
  A spectral komodo dragon (Gauntlet)
  31 yaks
  3 basilisks
  A fire elemental (D:13)
  4 vampire mosquitoes (D:10)
  A redback (Lair:3)
  2 steam dragons
  9 wargs
  A harpy simulacrum (IceCv)
  An acid dragon (D:13)
  13 water moccasins
  2 hydra simulacra
  A meliai simulacrum (Gauntlet)
  14 hell hounds (Lair:5)
  42 orc warriors
  An ice beast (D:6)
  2 sky beasts
  14 black bears
  2 ogres (Orc:1)
  29 wolves
  A centaur (shapeshifter) (D:13)
  7 centaurs
  A kobold brigand (D:8)
  19 bullfrogs
  2 gnoll sergeants
  6 scorpions
  8 wights
  24 killer bees
  10 electric eels
  5 howler monkeys
  A lava snake (D:13)
  2 jellies
  8 hounds
  27 orc priests
  2 iguanas
  A sleepcap (D:6)
  18 orc wizards
  4 hell rats (Lair:4)
  18 gnolls
  7 adders
  3 shadow imps
  3 ufetubi
  2 worms
  81 orcs
  5 bats
  8 endoplasms
  2 giant cockroaches
  17 goblins
  8 hobgoblins
  5 jackals
  6 quokkas
  8 ball pythons
  3 frilled lizards
  28 kobolds
  2 kobold zombies (D:4)
  6 rats
706 creatures vanquished.

Vanquished Creatures (others)
  A quokka (D:9)
1 creature vanquished.

Grand Total: 707 creatures vanquished

Notes
Turn   | Place    | Note
-------+----------+-------------------------------------------
     0 | D:1      | Pooter the Minotaur Fighter began the quest for the Orb.
     0 | D:1      | Reached XP level 1. HP: 19/19 MP: 0/0
   118 | D:1      | Reached skill level 3 in Axes
   152 | D:1      | Reached XP level 2. HP: 27/27 MP: 1/1
   792 | D:2      | Found Pyfaluaco's Distillery.
   834 | D:2      | Reached XP level 3. HP: 30/33 MP: 2/2
   960 | D:2      | Reached skill level 4 in Axes
   969 | D:2      | HP: 1/34 [gnoll/+0 spear (3)]
   970 | D:2      | Reached XP level 4. HP: 2/41 MP: 3/3
  1550 | D:2      | Noticed Sigmund
  1562 | D:2      | Killed Sigmund
  1563 | D:2      | Reached skill level 5 in Fighting
  1563 | D:2      | Reached skill level 6 in Axes
  1563 | D:2      | Reached XP level 5. HP: 45/48 MP: 4/4
  1781 | D:3      | Identified the +6 dagger "Uffuts" {pain, rElec rC+ Int+2}
  1800 | D:3      | Reached XP level 6. HP: 56/56 MP: 5/5
  2163 | D:2      | Bought a potion of berserk rage for 60 gold pieces
  2163 | D:2      | Bought a potion of invisibility for 96 gold pieces
  2233 | D:3      | Found a faded altar of an unknown god.
  2240 | D:3      | Prayed at the altar of an unknown god.
  2240 | D:3      | Became a worshipper of Uskayaw the Reveller
  2240 | D:3      | Reached * piety under Uskayaw
  2286 | D:3      | Found an opulent altar of Gozag.
  2336 | D:3      | Reached ** piety under Uskayaw
  2517 | D:4      | Found a runed translucent door.
  2517 | D:4      | Noticed a human
  2520 | D:4      | Found a basalt altar of Yredelemnul.
  2536 | D:4      | Found a staircase to the Ecumenical Temple.
  2646 | D:4      | Reached skill level 1 in Ranged Weapons
  2646 | D:4      | Reached skill level 1 in Invocations
  2809 | D:4      | Reached *** piety under Uskayaw
  2811 | D:4      | Reached skill level 7 in Axes
  3020 | D:4      | Reached XP level 7. HP: 63/63 MP: 7/7
  3109 | D:4      | Found a shimmering altar of Xom.
  3121 | D:4      | Found a shimmering altar of Xom.
  3121 | D:4      | Found a shimmering altar of Xom.
  3187 | D:4      | Found a runed translucent door.
  3188 | D:4      | Noticed Crazy Yiuf
  3417 | D:5      | Entered Level 5 of the Dungeon
  3518 | D:5      | Found Kesiy's Magic Scroll Emporium.
  3734 | D:5      | Bought a scroll of identify for 28 gold pieces
  3734 | D:5      | Bought a scroll of identify for 28 gold pieces
  3815 | D:5      | Found Hoighouph's Distillery.
  3929 | D:5      | Bought a potion of heal wounds for 65 gold pieces
  3957 | D:5      | Reached skill level 8 in Axes
  4015 | D:5      | Reached XP level 8. HP: 56/71 MP: 6/9
  4061 | D:5      | Noticed Grinder
  4069 | D:5      | Paralysed by Grinder for 2 turns
  4079 | D:5      | Killed Grinder
  4401 | D:5      | Found Xialav's Assorted Antiques.
  4580 | D:6      | Found the +5 Force Lance {heavy, knockback}
  4920 | D:6      | Reached skill level 1 in Polearms
  5116 | D:7      | Reached skill level 5 in Invocations
  5160 | D:7      | Found a flagged portal.
  5184 | Bailey   | Entered a bailey
  6229 | Bailey   | Noticed an orc warlord
  6308 | Bailey   | Found a runed translucent gate.
  6358 | Bailey   | Found a runed translucent gate.
  6359 | Bailey   | Found a runed translucent gate.
  6375 | Bailey   | Reached skill level 9 in Axes
  6375 | Bailey   | Reached XP level 9. HP: 77/79 MP: 12/12
  6619 | Bailey   | Killed an orc warlord
  6770 | Bailey   | Acquired the +1 broad axe of Watchfulness {heavy, +Blink
                  | rPois Int+6}
  6948 | D:5      | Bought a scroll of enchant weapon for 105 gold pieces
  7007 | D:7      | Found a bloodstained altar of Trog.
  7011 | D:7      | Reached skill level 5 in Polearms
  7016 | D:7      | Found a sacrificial altar of Ru.
  7025 | D:7      | Found a shadowy altar of Dithmenos.
  7028 | D:7      | Reached **** piety under Uskayaw
  7031 | D:7      | Reached ***** piety under Uskayaw
  7089 | D:7      | Found a blossoming altar of Fedhas.
  7089 | D:7      | Found a sparkling altar of Nemelex Xobeh.
  7090 | D:7      | Found a hide-covered altar of Uskayaw.
  7177 | D:7      | Reached skill level 1 in Evocations
  7181 | D:7      | Reached skill level 5 in Ranged Weapons
  7189 | D:7      | Found a glowing golden altar of the Shining One.
  7603 | D:5      | Bought a copper wand for 84 gold pieces
  7677 | D:8      | Reached skill level 10 in Axes
  7683 | D:8      | Found Sapn's Antique Weapon Shoppe.
  7687 | D:8      | Reached XP level 10. HP: 44/88 MP: 14/14
  7838 | D:8      | Identified the +7 falchion "Seuxegrio" {speed, Str+2}
  7921 | D:8      | Identified the +6 falchion of the Gloaming {heavy, rElec
                  | rC- rN+ Int+2}
  8098 | D:8      | Acquired the +2 pair of slick slippers {slick, slippery,
                  | EV+4}
  8098 | D:8      | Found the +2 pair of slick slippers {slick, slippery, EV+4}
  8661 | D:9      | Found a white marble altar of Elyvilon.
  8798 | D:9      | Noticed a sun demon
  8868 | D:9      | Reached skill level 11 in Axes
  8927 | D:5      | Bought a potion of resistance for 130 gold pieces
  8993 | D:2      | Bought a potion of invisibility for 96 gold pieces
  9059 | D:5      | Bought a potion of heal wounds for 65 gold pieces
  9271 | D:9      | Found a stormy altar of Qazlal.
  9318 | D:9      | Got the Codex of the Map
  9760 | D:9      | Noticed a boulder beetle
  9768 | D:9      | Killed a boulder beetle
  9769 | D:9      | Reached XP level 11. HP: 57/97 MP: 16/16
  9966 | D:9      | Found a staircase to the Orcish Mines.
 10117 | D:10     | Entered Level 10 of the Dungeon
 10294 | D:10     | Noticed a two-headed ogre
 10301 | D:10     | Killed a two-headed ogre
 10316 | D:10     | Found a staircase to the Lair.
 10362 | D:10     | Identified the ring "Jyfaahol" {rPois rN+}
 10414 | D:10     | Found a portal to a secret trove of treasure.
 10814 | D:10     | Reached skill level 12 in Axes
 10976 | Lair:1   | Entered Level 1 of the Lair of Beasts
 10979 | Lair:1   | Noticed a boulder beetle
 10994 | Lair:1   | Killed a boulder beetle
 11460 | Lair:1   | Reached ****** piety under Uskayaw
 11481 | Lair:1   | Upgraded the game from 0.31-a0-765-g67fe2935dc to
                  | 0.31-a0-771-g505c3d19dc
 11650 | Lair:1   | Learned a level 4 spell: Manifold Assault
 11810 | Lair:1   | Reached skill level 10 in Fighting
 12171 | Lair:2   | Found a staircase to the Shoals.
 12181 | Lair:2   | Reached skill level 1 in Translocations
 12198 | Lair:1   | Reached XP level 12. HP: 85/106 MP: 18/18
 12837 | Lair:2   | Reached skill level 13 in Axes
 13019 | Lair:2   | Reached skill level 10 in Invocations
 13019 | Lair:2   | Reached skill level 5 in Evocations
 13229 | Lair:2   | Found a runed translucent gate.
 13229 | Lair:2   | Found a runed translucent gate.
 13230 | Lair:2   | Found a runed translucent gate.
 13234 | Lair:2   | Noticed Pattuawu's ghost (journeyman OpSh)
 13795 | Lair:3   | Noticed a boulder beetle
 13810 | Lair:3   | Killed a boulder beetle
 13970 | Lair:3   | Found a hole to the Spider Nest.
 13984 | Lair:3   | Reached skill level 14 in Axes
 14106 | Lair:3   | Noticed a six-headed hydra
 14114 | Lair:3   | Killed a six-headed hydra
 14432 | Lair:3   | Found a snail-covered altar of Cheibriados.
 14861 | Lair:4   | Noticed a five-headed hydra
 14870 | Lair:4   | Killed a five-headed hydra
 14984 | Lair:4   | Reached XP level 13. HP: 116/116 MP: 19/19
 15117 | Lair:4   | Gained mutation: You occasionally lose the ability to drink
                  | potions when taking damage. [potion of mutation]
 15117 | Lair:4   | Gained mutation: You have large cloven feet. [potion of
                  | mutation]
 15118 | Lair:4   | Lost mutation: You have large cloven feet. [potion of
                  | mutation]
 15118 | Lair:4   | Lost mutation: You occasionally lose the ability to drink
                  | potions when taking damage. [potion of mutation]
 15118 | Lair:4   | Gained mutation: You do not regenerate when monsters are
                  | visible. [potion of mutation]
 15118 | Lair:4   | Gained mutation: You are clumsy. (Dex -2) [potion of
                  | mutation]
 15119 | Lair:4   | Lost mutation: You are clumsy. (Dex -2) [potion of
                  | mutation]
 15119 | Lair:4   | Lost mutation: You do not regenerate when monsters are
                  | visible. [potion of mutation]
 15119 | Lair:4   | Gained mutation: You have large cloven feet. [potion of
                  | mutation]
 15119 | Lair:4   | Gained mutation: Your muscles are strong. (Str +4, Int/Dex
                  | -1) [potion of mutation]
 15119 | Lair:4   | Gained mutation: You have an increased reservoir of magic.
                  | (+10% MP) [potion of mutation]
 15120 | Lair:4   | Lost mutation: You have large cloven feet. [potion of
                  | mutation]
 15120 | Lair:4   | Lost mutation: Your muscles are strong. (Str +4, Int/Dex
                  | -1) [potion of mutation]
 15120 | Lair:4   | Lost mutation: You have an increased reservoir of magic.
                  | (+10% MP) [potion of mutation]
 15120 | Lair:4   | Gained mutation: You are covered in fur. (AC +1) [potion of
                  | mutation]
 15120 | Lair:4   | Gained mutation: You are dopey. (Int -2) [potion of
                  | mutation]
 15120 | Lair:4   | Gained mutation: Your muscles are strong. (Str +4, Int/Dex
                  | -1) [potion of mutation]
 15121 | Lair:4   | Lost mutation: You are dopey. (Int -2) [potion of mutation]
 15121 | Lair:4   | Lost mutation: Your muscles are strong. (Str +4, Int/Dex
                  | -1) [potion of mutation]
 15121 | Lair:4   | Gained mutation: Armour fits poorly on your strangely
                  | shaped body. [potion of mutation]
 15121 | Lair:4   | Gained mutation: You are somewhat resistant to further
                  | mutation. [potion of mutation]
 15875 | Lair:4   | Found a staircase to the Slime Pits.
 15894 | Lair:4   | Found a viscous altar of Jiyva.
 16257 | Lair:5   | Entered Level 5 of the Lair of Beasts
 16580 | Lair:5   | Reached skill level 15 in Axes
 16611 | Lair:5   | Acquired the ring "Bauzicots" {rElec rPois rC+}
 16614 | Lair:5   | Acquired 793 gold pieces
 17372 | Lair:5   | Noticed a dire elephant
 17390 | Lair:5   | Killed a dire elephant
 17482 | Lair:5   | Identified the +0 scale mail of Circular Logic {-Tele Drain
                  | Int+2 Dex+8}
 17491 | Lair:5   | Identified the +1 robe "Cuony" {rElec rPois rC+ Will-}
 17534 | Lair:5   | Reached skill level 10 in Ranged Weapons
 17534 | Lair:5   | Reached XP level 14. HP: 117/126 MP: 21/21
 18391 | Orc:1    | Entered Level 1 of the Orcish Mines
 18396 | Orc:1    | Learned a level 2 spell: Blink
 18401 | Orc:1    | Learned a level 2 spell: Lesser Beckoning
 18463 | Orc:1    | Reached skill level 16 in Axes
 18639 | Orc:2    | Entered Level 2 of the Orcish Mines
 18859 | Orc:2    | Noticed Rupert
 19020 | Orc:2    | Killed Rupert
 19411 | Orc:2    | Found a staircase to the Elven Halls.
 19439 | Orc:1    | Reached skill level 5 in Translocations
 19642 | Orc:2    | Noticed an orc warlord
 19658 | Orc:1    | Killed an orc warlord
 19956 | Orc:2    | Found Qito's General Store.
 19959 | Orc:2    | Found Sutov's Magic Scroll Shoppe.
 19960 | Orc:2    | Found Acvoc's Book Shoppe.
 19961 | Orc:2    | Found Xihigeh's General Store.
 19965 | Orc:2    | Bought a scroll of enchant weapon for 82 gold pieces
 19965 | Orc:2    | Bought a scroll of blinking for 82 gold pieces
 19968 | Orc:2    | Bought a wand of iceblast (7) for 184 gold pieces
 19968 | Orc:2    | Bought a potion of curing for 33 gold pieces
 19968 | Orc:2    | Bought a potion of haste for 110 gold pieces
 19969 | Orc:2    | Bought 5 boomerangs for 140 gold pieces
 19969 | Orc:2    | Bought a wand of paralysis (4) for 134 gold pieces
 19969 | Orc:2    | Bought a wand of digging (4) for 235 gold pieces
 20359 | D:12     | Found a gate leading to a gauntlet.
 20368 | Gauntlet | Entered a Gauntlet
 20368 | Gauntlet | Found a transporter.
 20376 | Gauntlet | Found a transporter.
 20379 | Gauntlet | Found a transporter.
 20380 | Gauntlet | Found a transporter.
 20563 | Gauntlet | Found a transporter.
 20563 | Gauntlet | Found a transporter.
 20570 | Gauntlet | Found a transporter.
 20603 | Gauntlet | Found a transporter.
 20603 | Gauntlet | Found a transporter.
 20603 | Gauntlet | Found a transporter.
 20628 | Gauntlet | Found a transporter.
 20629 | Gauntlet | Found a transporter.
 20629 | Gauntlet | Found a transporter.
 20632 | Gauntlet | Reached skill level 1 in Throwing
 20651 | Gauntlet | Found a transporter.
 21094 | D:12     | Reached skill level 17 in Axes
 21854 | D:13     | Reached XP level 15. HP: 123/136 MP: 22/22
 22389 | D:13     | Reached skill level 5 in Armour
 22470 | D:13     | Found a gate to the Vaults.
 23121 | D:14     | Found a frozen archway.
 23141 | IceCv    | Entered an ice cave
 23142 | IceCv    | Found a transporter.
 23146 | IceCv    | Mangled by a caustic shrike simulacrum

Illustrated notes

Levels and vault maps discovered:
D:1:      minmay_arrival_diagonal_passages, layout_basic
D:2:      layout_basic, serial_shops, nicolae_shop_industrial_runoff, hex_tiny,
          nicolae_eternal_life, minmay_misc_feat_square, uniq_sigmund
D:3:      layout_basic, lemuel_doored_altar,
          hellmonk_ecumenical_altar_crossroads, hangedman_decor_points,
          wander_ebering_terrifying_dragon_lair
D:4:      cheibrodos_helix_gallery, layout_rooms, dk_yredelemnul_ordeal,
          xom_redecorated, minmay_temple_entry_antechambers, serial_glass,
          glass_columns_a, glass_columns_a, glass_columns_b, glass_columns_b,
          glass_columns_b, glass_columns_b, dk_noncrumbling_3,
          uniq_crazy_yiuf_cottage
D:5:      layout_cave_pools, serial_shops, shop, shop,
          nicolae_shop_advertising_works [nicolae_subvault_shop_adworks],
          serial_column_ruins, column_ruins_circle_small,
          column_ruins_open_large, column_ruins_grid_1, column_ruins_open_tiny,
          column_ruins_open_tiny, minmay_holes, bh_walls_and_bars, uniq_grinder
D:6:      layout_loops_ring, chequers_avenue
D:7:      layout_rooms, grunt_temple_overflow_open,
          mainiacjoe_overflow_concentric_impassable, enter_bailey_5,
          kennysheep_small_circle
D:8:      layout_basic, serial_shops, shop, kennysheep_just_a_vault
D:9:      layout_gridville, elyvilon_altar_4, old_standard_altar,
          hiddenorc1_lemuel
D:10:     layout_loops_cross, erik_lair_island, nicolae_trove_entry_crossroad,
          amcnicky_mini_corridor_feature
D:11:     layout_gridville
D:12:     layout_rooms, gauntlet_entry_generic, water_maze_lemuel
D:13:     kennysheep_big_flooded_room, layout_stronghold, david_vaults_5,
          minivault_4
D:14:     layout_cave_pools, chequers_mini_garden,
          portal_ice_cave_entry_ugly_swarm, uniq_jorgrun
Lair:1:   layout_cave_pods, patterned_corridor
Lair:2:   layout_cave_shapes, elwin_shoals_entry_rocks,
          gammafunk_ghost_necromancy, serial_bayou_shore_a
Lair:3:   layout_gridlike, nicolae_spider_entry_lesser_pyramids,
          kennysheep_snail_temple
Lair:4:   beargit_carnivore_pack, layout_cave_pods,
          nicolae_slime_entry_slimehenge, nicolae_lair_lindhole,
          infiniplex_staircase_pool
Lair:5:   hangedman_lair_caniforms_friends, layout_small_grid,
          grunt_megastairs_1
Orc:1:    layout_caves
Orc:2:    st_orc_pillars, layout_caves, uniq_rupert
IceCv:    ice_cave_statue_garden_transporter

Skill      XL: |  1  2  3  4  5  6  7  8  9 10 11 12 13 14 15 |
---------------+----------------------------------------------+-----
Axes           | 3 4 6 7 8 9 10 11 12 14 15 17 | 17.7
Fighting       | 4 5 6 7 8 9 10 11 12 13 | 13.6
Ranged Weapons | 1 2 4 5 6 7 8 10 11 | 11.4
Invocations    | 2 3 5 7 8 9 10 11 12 | 12.2
Polearms       | 3 5 6 7 |  7.8
Evocations     | 1 3 4 5 7 |  7.6
Translocations | 1 3 4 5 |  5.9
Armour         | 4 5 |  5.7
Throwing       | 2 3 |  3.5
Shields        | |  3.6

Action                     |  1- 3 |  4- 6 |  7- 9 | 10-12 | 13-15 || total
---------------------------+-------+-------+-------+-------+-------++-------
  Melee: War axe           |    62 |    69 |    46 |       |    12 ||   189
         Headbutt          |    15 |     4 |    12 |    49 |   114 ||   194
         Punch             |       |       |     2 |       |       ||     2
         Lance             |       |       |    54 |    13 |     2 ||    69
         Battleaxe         |       |       |    38 |   180 |   554 ||   772
         Broad axe         |       |       |       |    62 |       ||    62
   Fire: Sling             |       |    10 |     2 |       |       ||    12
         Shortbow          |       |       |    36 |       |       ||    36
         Orcbow            |       |       |       |   119 |    99 ||   218
         Arbalest          |       |       |       |       |   155 ||   155
  Throw: Stone             |       |     7 |       |       |       ||     7
         Dart              |       |     2 |     9 |     3 |     5 ||    19
 Invoke: Stomp             |       |       |     4 |     7 |     3 ||    14
         Line Pass         |       |       |       |     2 |       ||     2
         Grand Finale      |       |       |       |       |     2 ||     2
Ability: Evoke Blink       |       |       |       |       |     4 ||     4
  Evoke: Wand              |       |       |       |    10 |       ||    10
         Tin of tremorston |       |       |       |     2 |       ||     2
    Use: Scroll            |       |    13 |    13 |    10 |    12 ||    48
         Potion            |       |       |     1 |       |    10 ||    11
   Stab: Paralysed         |       |     1 |    11 |    41 |    64 ||   117
         Invisible         |       |       |       |       |     1 ||     1
 Armour: Scale mail        |     5 |       |    58 |   212 |   248 ||   523
         Chain mail        |    40 |    43 |    48 |       |       ||   131
         Plate armour      |       |       |       |       |   225 ||   225
  Dodge: Dodged            |    22 |    22 |    50 |   175 |   276 ||   545
  Block: Buckler           |    13 |    19 |     6 |       |       ||    38

Table legend: (Time is in decaauts)
 A = Elapsed time spent in this place.
 B = Non-inter-level travel time spent in this place.
 C = Inter-level travel time spent in this place.
 D = Time resting spent in this place.
 E = Time spent auto-exploring this place.
 F = Levels seen in this place.
 G = Mean time per level.
                   A        B        C        D        E       F      G
               +--------+--------+--------+--------+--------+-----+--------+
         Total |  23311 |  21851 |   1460 |   5067 |  12449 |  24 |  971.3 |
       Dungeon |  12594 |  11483 |   1111 |   1471 |   7659 |  14 |  899.6 |
          Lair |   6823 |   6531 |    292 |   1578 |   3929 |   5 | 1364.6 |
  Orcish Mines |   1800 |   1744 |     56 |    457 |    719 |   2 |  900.0 |
        Bailey |   1696 |   1696 |      0 |   1395 |    128 |   1 | 1696.0 |
      Ice Cave |      4 |      4 |      0 |      0 |      0 |   1 |    4.0 |
      Gauntlet |    392 |    392 |      0 |    165 |     13 |   1 |  392.0 |
               +--------+--------+--------+--------+--------+-----+--------+

Top non-repeatable levels by time:
  Bailey: 1696 daAuts
  Lair:4: 1482 daAuts
    D:13: 1482 daAuts
  Lair:5: 1461 daAuts
     D:9: 1412 daAuts
  Lair:2: 1311 daAuts
  Lair:1: 1304 daAuts
   Orc:2: 1303 daAuts
  Lair:3: 1264 daAuts
     D:5: 1163 daAuts
     D:4: 969 daAuts
     D:8: 968 daAuts
     D:2: 960 daAuts
    D:10: 956 daAuts
     D:3: 853 daAuts
